 Dungeon Crawl Stone Soup version 0.27-a0-1555-g0e7b3fb1d2 (webtiles) character file.

Game seed: 5591312083398712291

1487 nyamberluvr69 the Shield-Bearer (level 8, -3/67 HPs)
             Began as a Gnoll Fighter on July 14, 2021.
             Slain by a river rat (6 damage)
             ... summoned by Eustachio
             ... on level 6 of the Dungeon on July 15, 2021.
             The game lasted 00:10:11 (5813 turns).

nyamberluvr69 the Shield-Bearer (Gnoll Fighter)     Turns: 5813, Time: 00:10:11

Health: -3/67      AC: 15    Str: 24      XL:     8   Next: 80%
Magic:  13/13      EV:  8    Int:  7      God:
Gold:   212        SH: 11    Dex: 11 (12) Spells: 14/14 levels left

rFire    . . .     SeeInvis .   a - +0 long sword
rCold    . . .     Faith    .   c - +0 kite shield
rNeg     . . .     Spirit   .   m - +0 chain mail
rPois    .         Reflect  .   n - +2 helmet
rElec    .         Harm     .   (no cloak)
rCorr    .         Rampage  .   (no gloves)
Will     +....                  x - +0 pair of boots
Stlth    ..........             d - amulet of magic regeneration
HPRegen  0.21/turn              e - +6 ring of strength
MPRegen  0.38/turn              w - ring of willpower

@: no status effects
A: fangs 1, strong nose, distributed training
a: no special abilities


You were on level 6 of the Dungeon.
You visited 1 branch of the dungeon, and saw 6 of its levels.

You collected 212 gold pieces.

Inventory:

Hand Weapons
 a - a +0 long sword (weapon)
 v - a +5 hand axe
Armour
 b - a +0 scale mail
 c - a +0 kite shield (worn)
 m - a +0 chain mail (worn)
 n - a +2 helmet (worn)
 x - a +0 pair of boots (worn)
Jewellery
 d - an amulet of magic regeneration (around neck)
 e - a +6 ring of strength (left hand)
 p - a +6 ring of intelligence
 w - a ring of willpower (right hand)
Wands
 y - a wand of charming (5)
 A - a wand of mindburst (9)
Scrolls
 f - a scroll of fear {unknown}
 g - 2 scrolls of immolation {unknown}
 i - 9 scrolls of identify {unknown}
 j - a scroll of summoning {unknown}
 k - a scroll of enchant weapon {unknown}
 l - 3 scrolls of amnesia {unknown}
 o - a scroll of blinking {unknown}
 r - 2 scrolls of teleportation {unknown}
 s - a scroll of enchant armour {unknown}
 u - a scroll of noise {unknown}
Potions
 h - a potion of degeneration {unknown}
 q - a potion of magic {unknown}
 t - a potion of curing
 B - 2 potions of lignification {unknown}


   Skills:
 + Level 7.5 Fighting
 + Level 3.6 Short Blades
 + Level 5.9 Long Blades
 + Level 3.6 Axes
 + Level 3.6 Maces & Flails
 + Level 3.6 Polearms
 + Level 3.6 Staves
 + Level 3.6 Slings
 + Level 3.6 Bows
 + Level 3.6 Crossbows
 + Level 3.6 Throwing
 + Level 7.5 Armour
 + Level 3.6 Dodging
 + Level 3.6 Stealth
 + Level 7.5 Shields
 + Level 3.6 Unarmed Combat
 + Level 3.6 Spellcasting
 + Level 2.9 Conjurations
 + Level 2.9 Hexes
 + Level 2.9 Summonings
 + Level 2.9 Necromancy
 + Level 2.9 Translocations
 + Level 2.9 Transmutations
 + Level 2.9 Fire Magic
 + Level 2.9 Ice Magic
 + Level 2.9 Air Magic
 + Level 2.9 Earth Magic
 + Level 2.9 Poison Magic
 + Level 4.0 Invocations
 + Level 3.6 Evocations


You had 14 spell levels left.
You didn't know any spells.
Your spell library contained the following spells:

 Spells                   Type           Power      Damage    Failure   Level
 Animate Skeleton         Necr           10%        N/A       83%         1
 Pain                     Necr           20%        1d5       83%         1
 Ignite Poison            Fire/Tmut/Pois 5%         N/A       99%         3
 Mephitic Cloud           Conj/Pois/Air  5%         N/A       99%         3
 Portal Projectile        Hex/Tloc       10%        N/A       99%         3
 Vampiric Draining        Necr           2%         2d6       99%         3
 Blade Hands              Tmut           2%         N/A       100%        5
 Bolt of Magma            Conj/Fire/Erth 2%         4d4       100%        5
 Excruciating Wounds      Necr           2%         N/A       100%        5


Dungeon Overview and Level Annotations

Branches:
Dungeon (6/15)
 Temple: D:4-7

Altars:
Gozag
The Shining One

Shops:
D:1 *   D:4 =

Annotations:
D:3 2 transporters, bande's ghost, amateur GrFi
D:6 Eustachio


Innate Abilities, Weirdness & Mutations

You have very sharp teeth.
Your uncanny sense of smell can sniff out nearby items.
Your experience applies equally to all skills.


Message History

You block the quokka's attack. You block the river rat's attack.
The quokka barely misses you.
Eustachio gestures wildly while chanting.
The river rat bites you but does no damage.
The quokka bites you.
* * * LOW HITPOINT WARNING * * *
The quokka disappears in a puff of smoke!
The rat disappears in a puff of smoke!
Eustachio gestures wildly while chanting.
You block the bat's attack. The bat hits you but does no damage.
You block Eustachio's attack.
You closely miss Eustachio.
Eustachio is almost dead.
You block the bat's attack. The ufetubus barely misses you.
You riposte.
You slash the ufetubus!
You kill the ufetubus!
Eustachio hits you with a +0 rapier.
* * * LOW HITPOINT WARNING * * *
You block the quokka's attack. You block the river rat's attack.
The bat barely misses you. Eustachio hits you but does no damage.
You closely miss Eustachio.
Eustachio is almost dead.
You block the bat's attack. x2; The quokka barely misses you.
You riposte.
You barely miss the quokka. Your bite misses the quokka.
You block the river rat's attack. The white imp gestures at you.
The puff of frost misses you.
The puff of frost misses the bat.
Eustachio closely misses you. The quokka barely misses you.
You closely miss Eustachio. You bite Eustachio, but do no damage.
Eustachio is almost dead.
The bat hits you but does no damage. You block the bat's attack.
The bat hits you but does no damage. You block the river rat's attack.
The quokka closely misses you. The white imp hits you.
* * * LOW HITPOINT WARNING * * *
The white imp freezes you.
* * * LOW HITPOINT WARNING * * *
Eustachio hits you with a +0 rapier.
* * * LOW HITPOINT WARNING * * *
The river rat bites you.
You die...

########### ###########
#.........######.........#
#.........#....#.........#
#.........#....#.........#
#.........###'##.....@...##
#................#####....#
#............b...#...#....#
#..........br@@..#...#....#
#............5r).##..#....#
#.........#'##....#..##@###.#
#.........#..#....#..b......#
+.........#..#....#.§.......'.
#.........#..'....#.........#.
∆#.........#..#....#.........#
#.........#..#....#.........#
#.........####....###########


You could see Eustachio, a river rat (summoned), a white imp (summoned), a
quokka (summoned) and 2 bats.

Vanquished Creatures
  A yak (D:5)
  Duvessa (D:6)
  An ice beast (D:3)
  2 ogres (D:4)
  2 bullfrogs (D:6)
  A scorpion (D:6)
  Dowan (D:6)
  A water moccasin skeleton (D:5)
  3 wights
  A howler monkey (D:6)
  A bullfrog zombie (D:5)
  2 gnoll shamans
  2 hounds (D:5)
  A bullfrog skeleton (D:5)
  A centaur skeleton (D:6)
  2 iguanas (D:5)
  2 orc wizards (D:6)
  Robin (D:3)
  8 gnolls
  5 adders
  A worm (D:4)
  A dart slug (D:5)
  8 orcs
  2 bats
  16 goblins
  10 hobgoblins
  4 jackals (D:1)
  5 kobolds
  A quokka (D:1)
  2 ball pythons (D:1)
  2 frilled lizards
  A quokka skeleton (D:4)
  4 rats
96 creatures vanquished.

Vanquished Creatures (others)
  3 plants (D:6)
3 creatures vanquished.

Grand Total: 99 creatures vanquished

Notes
Turn   | Place    | Note
-------+----------+-------------------------------------------
     0 | D:1      | nyamberluvr69 the Gnoll Fighter began the quest for the
                  | Orb.
     0 | D:1      | Reached XP level 1. HP: 23/23 MP: 1/1
    34 | D:1      | Reached XP level 2. HP: 22/29 MP: 2/2
   211 | D:1      | Found Foseu's Assorted Antiques.
   406 | D:1      | Found a faded altar of an unknown god.
   922 | D:1      | Reached XP level 3. HP: 35/35 MP: 3/3
  1188 | D:2      | Reached skill level 1 in Invocations
  1521 | D:2      | Found an opulent altar of Gozag.
  1533 | D:2      | Reached skill level 1 in Short Blades
  1533 | D:2      | Reached skill level 1 in Axes
  1533 | D:2      | Reached skill level 1 in Maces & Flails
  1533 | D:2      | Reached skill level 1 in Polearms
  1533 | D:2      | Reached skill level 1 in Staves
  1533 | D:2      | Reached skill level 1 in Slings
  1533 | D:2      | Reached skill level 1 in Bows
  1533 | D:2      | Reached skill level 1 in Crossbows
  1533 | D:2      | Reached skill level 1 in Throwing
  1533 | D:2      | Reached skill level 1 in Dodging
  1533 | D:2      | Reached skill level 1 in Stealth
  1533 | D:2      | Reached skill level 1 in Unarmed Combat
  1533 | D:2      | Reached skill level 1 in Spellcasting
  1533 | D:2      | Reached skill level 1 in Evocations
  1832 | D:2      | Reached XP level 4. HP: 14/41 MP: 5/5
  2107 | D:2      | Reached skill level 1 in Conjurations
  2107 | D:2      | Reached skill level 1 in Hexes
  2107 | D:2      | Reached skill level 1 in Summonings
  2107 | D:2      | Reached skill level 1 in Necromancy
  2107 | D:2      | Reached skill level 1 in Translocations
  2107 | D:2      | Reached skill level 1 in Transmutations
  2107 | D:2      | Reached skill level 1 in Fire Magic
  2107 | D:2      | Reached skill level 1 in Ice Magic
  2107 | D:2      | Reached skill level 1 in Air Magic
  2107 | D:2      | Reached skill level 1 in Earth Magic
  2107 | D:2      | Reached skill level 1 in Poison Magic
  2540 | D:3      | Reached XP level 5. HP: 45/47 MP: 6/6
  2617 | D:3      | Found a transporter.
  2631 | D:3      | Noticed bande's ghost (amateur GrFi)
  2642 | D:3      | Noticed Robin
  2735 | D:3      | Killed Robin
  2855 | D:3      | Found a transporter.
  2991 | D:3      | Noticed an ice beast
  3010 | D:3      | Killed an ice beast
  3011 | D:3      | Reached XP level 6. HP: 27/53 MP: 8/8
  3251 | D:3      | Found a glowing golden altar of the Shining One.
  3511 | D:4      | Reached skill level 5 in Long Blades
  3551 | D:4      | Found Hewu's Jewellery Shoppe.
  4022 | D:5      | Entered Level 5 of the Dungeon
  4057 | D:4      | Reached XP level 7. HP: 52/59 MP: 10/10
  4218 | D:5      | Noticed a yak
  4261 | D:5      | Killed a yak
  4644 | D:5      | Reached XP level 8. HP: 52/67 MP: 12/12
  5293 | D:6      | Noticed Duvessa
  5303 | D:6      | Noticed Dowan
  5327 | D:6      | Killed Duvessa
  5333 | D:6      | Killed Dowan
  5743 | D:6      | Noticed Eustachio
  5813 | D:6      | HP: 3/67 [Eustachio (2)]
  5813 | D:6      | Slain by a river rat

Illustrated notes

Levels and vault maps discovered:
D:1:      sevenhm_arrival_forest_fort_large_4, layout_loops_corners,
          serial_shops, shop_statue, shapermc_ecumenical_altar_gd,
          supply_closet_lemuel
D:2:      layout_rooms, basic_altar
D:3:      kennysheep_big_flooded_room, layout_rooms, lemuel_tele_altar,
          gammafunk_ghost_stat_death, serial_aquarium,
          aquarium_bridge_long_separate [aquarium_subvault_bridge,
          aquarium_subvault_wall, aquarium_subvault_wall,
          aquarium_subvault_bridge, aquarium_subvault_bridge,
          aquarium_subvault_bridge], aquarium_window_3, aquarium_window_fake,
          aquarium_window_2, aquarium_view_2c, aquarium_view_2g, uniq_robin
D:4:      layout_basic, serial_shops, nicolae_shop_statue_plus
D:5:      layout_loops_ring, grunt_decor_arrowhead
D:6:      layout_gridville, serial_shops, shop, serial_bayou_crossing,
          uniq_duvessa, uniq_crazy_yiuf_cottage, uniq_eustachio

Skill      XL: |  1  2  3  4  5  6  7  8 |
---------------+-------------------------+-----
Invocations    | 1 2 3 4 |  4.0
Short Blades   | 1 2 3 |  3.6
Axes           | 1 2 3 |  3.6
Maces & Flails | 1 2 3 |  3.6
Polearms       | 1 2 3 |  3.6
Staves         | 1 2 3 |  3.6
Slings         | 1 2 3 |  3.6
Bows           | 1 2 3 |  3.6
Crossbows      | 1 2 3 |  3.6
Throwing       | 1 2 3 |  3.6
Dodging        | 1 2 3 |  3.6
Stealth        | 1 2 3 |  3.6
Unarmed Combat | 1 2 3 |  3.6
Spellcasting   | 1 2 3 |  3.6
Evocations     | 1 2 3 |  3.6
Conjurations   | 1 2 |  2.9
Hexes          | 1 2 |  2.9
Summonings     | 1 2 |  2.9
Necromancy     | 1 2 |  2.9
Translocations | 1 2 |  2.9
Transmutations | 1 2 |  2.9
Fire Magic     | 1 2 |  2.9
Ice Magic      | 1 2 |  2.9
Air Magic      | 1 2 |  2.9
Earth Magic    | 1 2 |  2.9
Poison Magic   | 1 2 |  2.9
Long Blades    | 5 |  5.9
Fighting       | 7 |  7.5
Armour         | 7 |  7.5
Shields        | 7 |  7.5

Action                   |  1- 3 |  4- 6 |  7- 9 || total
-------------------------+-------+-------+-------++-------
Melee: Long sword        |    82 |   144 |   237 ||   463
       Bite              |     9 |    20 |    33 ||    62
  Use: Potion            |       |     2 |     2 ||     4
Armor: Scale mail        |    40 |     7 |       ||    47
       Chain mail        |       |    43 |   160 ||   203
Dodge: Dodged            |    41 |    39 |    84 ||   164
Block: Kite shield       |    48 |    99 |   199 ||   346
       Rpst.: Long sword |    17 |    13 |    24 ||    54

Table legend: (Time is in decaauts)
 A = Elapsed time spent in this place.
 B = Non-inter-level travel time spent in this place.
 C = Inter-level travel time spent in this place.
 D = Time resting spent in this place.
 E = Time spent auto-exploring this place.
 F = Levels seen in this place.
 G = Mean time per level.
                   A        B        C        D        E       F      G
               +--------+--------+--------+--------+--------+-----+--------+
         Total |   5961 |   5809 |    152 |   1545 |   3084 |   6 |  993.5 |
       Dungeon |   5961 |   5809 |    152 |   1545 |   3084 |   6 |  993.5 |
               +--------+--------+--------+--------+--------+-----+--------+

Top non-repeatable levels by time:
     D:2: 1321 daAuts
     D:5: 1213 daAuts
     D:1: 1090 daAuts
     D:3: 1016 daAuts
     D:4: 727 daAuts
     D:6: 592 daAuts
